 Dungeon Crawl Stone Soup version 0.27-a0-13-g87abb2d9eb (webtiles) character file.

Game seed: 9825484209306374496

106 Calibrex the Shield-Bearer (level 5, -2/43 HPs)
             Began as a Formicid Fighter on Jan 3, 2021.
             Killed by divine providence
             ... invoked by an orc priest
              (16 damage)
             ... on level 3 of the Dungeon.
             The game lasted 00:09:09 (1492 turns).

Calibrex the Shield-Bearer (Formicid Fighter)       Turns: 1492, Time: 00:09:11

Health: -2/43      AC: 10    Str: 21    XL:     5   Next: 10%
Magic:  5/5        EV:  6    Int:  8    God:
Gold:   152        SH: 10    Dex: 10    Spells: 4/4 levels left

rFire    . . .     SeeInvis +   e - +2 short sword (flame)
rCold    . . .     Faith    .   c - +0 kite shield
rNeg     . . .     Spirit   .   p - +0 chain mail
rPois    .         Reflect  .   (helmet unavailable)
rElec    .         Harm     .   (no cloak)
rCorr    .         Rampage  .   b - +0 pair of gloves
Will     .....                  (no boots)
Stlth    ..........             (no amulet)
HPRegen  0.14/turn              (no ring)
MPRegen  0.09/turn              (no ring)

@: no status effects
A: permanent stasis, dig shafts and tunnels, four strong arms, antennae 3
a: Dig, Shaft Self


You were on level 3 of the Dungeon.
You visited 1 branch of the dungeon, and saw 3 of its levels.

You collected 152 gold pieces.

Inventory:

Hand Weapons
 a - a +0 flail
 e - a +2 short sword of flaming (weapon)
 g - a +0 vorpal spear
 k - a +0 flail of protection
Missiles
 f - 5 boomerangs of dispersal
 n - 16 poisoned darts
Armour
 b - a +0 pair of gloves (worn)
 c - a +0 kite shield (worn)
 p - a +0 chain mail (worn)
Scrolls
 h - a scroll of amnesia
 j - 2 scrolls of magic mapping {unknown}
 l - a scroll of remove curse
 m - a scroll of fear
Potions
 d - a potion of might
 i - 2 potions of brilliance {unknown}
 o - 2 potions of curing {unknown}


   Skills:
 + Level 4.6 Fighting
 - Level 2.0 Maces & Flails
 + Level 3.6 Armour
 + Level 5.1 Shields


You had 4 spell levels left.
You didn't know any spells.
Your spell library was empty.

Dungeon Overview and Level Annotations

Branches:
Dungeon (3/15)

Altars:


Innate Abilities, Weirdness & Mutations

You cannot be hasted, slowed, berserked, paralysed or teleported.
You can dig through walls and to a lower floor.
Your four strong arms can wield two-handed weapons with a shield.
You have a pair of large antennae on your head. (SInv)


Message History

Items here: ( ) ††††.
Okay, then.
You hear the slow rusting of a distant drain.
An orc priest comes into view. It is wielding a +0 club.
You see here a coppery potion.
o - 2 coppery potions (gained 1) 2 orcs come into view.
The orc shouts!
You block the orc priest's attack.
You hit the orc priest. You burn the orc priest.
The orc priest is lightly wounded.
The orc priest hits you with a +0 club.
An orc comes into view. It is wielding a +0 trident.
The orc shouts!
You hit the orc priest. You burn the orc priest.
The orc priest is heavily wounded.
You block the orc's attack.
The orc priest invokes the aid of Beogh against you.
Beogh smites you!
You die...

# #. . ##.# ## #. ...
.# #.##.# .# #
#....##.##.#
#.#....o...### {
#.....@o.....o
...#...#o###### # #{
##.##.# ##.#. #.# .#
.....#####.##.#
##..{.........#
....#{{....########
...........(......## #
.########..#####...#.#


You could see an orc priest and 3 orcs.

Vanquished Creatures
  2 adders (D:3)
  An ooze (D:1)
  3 worms
  2 leopard geckos
  6 orcs (D:3)
  3 giant cockroaches
  2 goblins
  11 hobgoblins
  3 jackals (D:1)
  2 quokkas (D:2)
  A ball python (D:3)
  9 bats
  5 frilled lizards
  4 kobolds
  A leopard gecko skeleton (D:2)
  8 rats
63 creatures vanquished.

Notes
Turn   | Place    | Note
-------+----------+-------------------------------------------
     0 | D:1      | Calibrex the Formicid Fighter began the quest for the Orb.
     0 | D:1      | Reached XP level 1. HP: 18/18 MP: 1/1
    41 | D:1      | Reached XP level 2. HP: 22/24 MP: 2/2
   107 | D:1      | Reached skill level 4 in Shields
   236 | D:1      | Reached XP level 3. HP: 30/30 MP: 3/3
   787 | D:2      | Reached XP level 4. HP: 33/37 MP: 4/4
  1465 | D:3      | Reached skill level 5 in Shields
  1469 | D:3      | Reached XP level 5. HP: 22/43 MP: 5/5
  1492 | D:3      | Killed from afar by an orc priest

Illustrated notes

Levels and vault maps discovered:
D:1:      dpeg_arrival_lava_temple_mockup, layout_basic
D:2:      layout_loops_ring, grunt_ministairs_9
D:3:      layout_loops_ring, gup_sewer_entry_bubbles

Skill      XL: |  1  2  3  4 |
---------------+-------------+-----
Shields        | 4 5 |  5.1
Fighting       | 4 |  4.6
Maces & Flails | |  2.0
Armour         | |  3.6

Action                   |  1- 3 |  4- 6 || total
-------------------------+-------+-------++-------
Melee: Short sword       |   104 |    69 ||   173
  Use: Scroll            |       |     3 ||     3
Armor: Scale mail        |    40 |     1 ||    41
       Chain mail        |       |    29 ||    29
Dodge: Dodged            |    30 |     6 ||    36
Block: Kite shield       |    48 |    43 ||    91

Table legend: (Time is in decaauts)
 A = Elapsed time spent in this place.
 B = Non-inter-level travel time spent in this place.
 C = Inter-level travel time spent in this place.
 D = Time resting spent in this place.
 E = Time spent auto-exploring this place.
 F = Levels seen in this place.
 G = Mean time per level.
                   A        B        C        D        E       F      G
               +--------+--------+--------+--------+--------+-----+--------+
         Total |   1517 |   1474 |     43 |      0 |    922 |   3 |  505.7 |
       Dungeon |   1517 |   1474 |     43 |      0 |    922 |   3 |  505.7 |
               +--------+--------+--------+--------+--------+-----+--------+

Top non-repeatable levels by time:
     D:1: 654 daAuts
     D:2: 652 daAuts
     D:3: 209 daAuts
